Marlies vs Heat (R1)

Created - November 19, 2022 at 08:48

Goals
1 2 3 T
Marlies 2 4 1 7
Heat 0 1 1 2
Shots
1 2 3 T
Marlies 7 14 7 28
Heat 8 11 11 30

1st period

1. Marlies , Aleksi Saarela 3 (Alex Formenton 4, Keaton Thompson 1) at 1:09
2. Marlies , Valentin Zykov 4 (Pavel Zacha 4, Nicholas Baptiste 7) at 15:46

Penalties :
Victor Rask (Sto) for High sticking (Minor) at 16:11

2nd period

3. Marlies , Nicholas Baptiste 3 (Valentin Zykov 5, Tyler Benson 2) at 5:52
4. Marlies , Brett Pesce 1 (Pavel Zacha 5, Nicholas Baptiste 8) at 14:06 (PP)
5. Marlies , Tyler Benson 3 (Colton Sissons 3) at 14:41
6. Marlies , Mathieu Olivier 2 (Colton Sissons 4) at 15:15
7. Heat , Rasmus Andersson 1 (Victor Rask 13) at 17:14

Penalties :
Valentin Zykov (Tor) for Holding (Minor) at 2:39, Ryan Spooner (Sto) for Roughing (Double Minor) at 9:15, Frank Corrado (Sto) for Hooking (Minor) at 13:53

3rd period

8. Marlies , Jaden Lindo 1 (Matthew Highmore 1, Brett Pesce 7) at 5:51
9. Heat , Ryan Spooner 1 (Rasmus Andersson 5) at 16:23

Penalties :
Brett Pesce (Tor) for Holding (Minor) at 0:21, Jesper Bratt (Sto) for Fighting (Major) at 3:12, Henri Ikonen (Tor) for Fighting (Major) at 3:12, Rasmus Andersson (Sto) for Hooking (Minor) at 3:42, Brett Pesce (Tor) for High sticking (Minor) at 6:23, Peter Cehlarik (Sto) for Cross-checking (Minor) at 6:47, Frank Corrado (Sto) for Hooking (Minor) at 7:48, Jesper Bratt (Sto) for Boarding (Minor) at 14:01, Valentin Zykov (Tor) for Hooking (Minor) at 16:28

Goalie Stats

Charlie Lindgren (Tor), 28 saves from 30 shots - (0.933), W, 4-2-0, 60:00 minutes
Michael Hutchinson (Sto), 10 saves from 14 shots - (0.714), L, 4-2-1, 34:06 minutes
Vitek Vanecek (Sto), 11 saves from 14 shots - (0.786), 25:54 minutes

Players Stats for Marlies

Player Name              G  A  P  +/- PIM S  H  SB GA TA FO     MP     PP MP  PK MP  
------------------------------------------------------------------------------------
Aleksi Saarela           1  0  1  -1  0   3  0  0  0  1  2/5    10:11   0:12   0:52 
Alex Formenton           0  1  1  -1  0   0  2  0  0  0  0/0     8:59   0:00   0:00 
Brett Pesce              1  1  2   2  4   5  2  2  1  1  0/0    26:38   5:33   2:20 
Brycen Martin            0  0  0  -1  0   1  1  1  0  0  0/0    11:31   0:46   1:44 
Colton Sissons           0  2  2   2  0   0  2  0  0  1  4/13   19:01   4:49   1:43 
Dennis Gilbert           0  0  0   3  0   0  0  0  0  0  0/0    20:29   4:38   2:17 
Dmitri Samorukov         0  0  0  -1  0   0  1  0  0  0  0/0    10:27   1:03   0:00 
Henri Ikonen             0  0  0   0  5   0  0  1  0  1  0/0     7:08   0:48   0:36 
Jaden Lindo              1  0  1   1  0   1  0  0  0  0  0/0     1:08   0:58   0:00 
Jakob Forsbacka-Karlsson 0  0  0   0  0   0  0  0  0  0  0/0     1:18   0:00   1:18 
Jeff Corbett             0  0  0   2  0   2  4  4  0  0  0/0    30:51   6:30   4:04 
Jonathan Davidsson       0  0  0   0  0   0  0  0  0  0  0/0     0:00   0:00   0:00 
Keaton Thompson          0  1  1   3  0   0  0  0  0  0  0/0    20:29   4:38   2:17 
Logan Brown              0  0  0   0  0   1  0  0  0  0  1/3     5:34   0:00   0:00 
Martin Necas             0  0  0  -1  0   2  1  0  1  0  1/1     8:59   0:00   0:00 
Mathieu Olivier          1  0  1   2  0   4  2  0  0  0  0/0    16:26   4:43   0:00 
Matthew Highmore         0  1  1   1  0   0  0  0  0  0  0/0     1:17   1:01   0:00 
Mike Hardman             0  0  0   0  0   0  0  0  0  0  0/0     0:00   0:00   0:00 
Nicholas Baptiste        1  2  3   2  0   2  1  3  2  1  2/3    24:13   5:30   3:53 
Otto Koivula             0  0  0   1  0   0  0  0  0  0  0/0     1:05   0:55   0:00 
Pavel Zacha              0  2  2   2  0   1  0  0  0  2  16/43  24:12   5:34   3:56 
Radovan Bondra           0  0  0   0  0   0  0  0  0  0  0/0     0:00   0:00   0:00 
Tobias Lindberg          0  0  0   0  0   0  0  0  0  0  0/0     5:34   0:00   0:00 
Tyler Benson             1  1  2   2  0   1  1  1  0  0  1/3    16:26   4:43   0:00 
Valentin Zykov           1  1  2   2  4   5  1  0  0  1  1/3    20:14   5:29   0:24 

Players Stats for Heat

Player Name              G  A  P  +/- PIM S  H  SB GA TA FO     MP     PP MP  PK MP  
------------------------------------------------------------------------------------
Barclay Goodrow          0  0  0  -2  0   3  2  0  1  0  0/0    18:15   2:22   3:54 
Brandon Hickey           0  0  0  -2  0   0  1  1  0  0  0/0    15:57   0:00   7:33 
Chris Brown              0  0  0  -1  0   0  0  0  1  0  0/0     8:43   0:00   1:50 
Dominik Masin            0  0  0  -1  0   0  0  0  0  0  0/0     3:01   0:00   0:00 
Eric Karlsson            0  0  0  -2  0   0  2  0  0  0  0/0    11:04   0:00   1:52 
Erik Brannstrom          0  0  0  -2  0   1  0  0  0  2  0/0    21:07   2:01   4:09 
Evgeny Svechnikov        0  0  0   0  0   2  2  0  1  0  1/3    19:29   3:59   0:00 
Frank Corrado            0  0  0  -2  4   2  1  2  1  0  0/0    27:14   4:20   2:54 
Jesper Bratt             0  0  0   0  7   0  2  1  0  0  2/3    17:13   2:22   0:15 
Mathieu Brodeur          0  0  0  -1  0   2  2  4  0  2  0/0    25:57   2:01   7:33 
Nico Sturm               0  0  0   0  0   1  0  0  0  0  0/1    11:02   0:00   3:21 
Peter Cehlarik           0  0  0  -2  2   5  2  0  0  0  1/2    19:37   3:58   5:47 
Philip Varone            0  0  0  -2  0   1  1  1  0  0  15/22  18:47   2:22   6:20 
Rasmus Andersson         1  1  2  -1  2   3  3  0  2  0  0/0    24:54   4:20   2:07 
Ryan Spooner             1  0  1  -1  4   6  0  0  1  0  4/5     8:43   0:00   0:00 
Tage Thompson            0  0  0   0  0   0  0  0  0  0  0/1     6:31   0:00   0:00 
Taylor Raddysh           0  0  0  -1  0   0  3  0  0  0  0/0     8:43   0:00   0:00 
Victor Rask              0  1  1   0  2   4  3  3  1  0  23/37  19:36   3:59   0:07 

3 Stars

1 - Nicholas Baptiste (Tor)
2 - Tyler Benson (Tor)
3 - Colton Sissons (Tor)

Power Play

Marlies - 1 on 8 Attempt(s) - 12.50%
Heat - 0 on 4 Attempt(s) - 0.00%

Penalty Kill

Marlies - 4 on 4 Attempt(s) - 100.00% - Score 0 goal in Penalty Kill
Heat - 7 on 8 Attempt(s) - 87.50% - Score 0 goal in Penalty Kill

Team Stat

Marlies - Hits : 18 - Faceoff Wins : 28 - Blocked Shots : 12 - Penalty Minutes : 13
Heat - Hits : 24 - Faceoff Wins : 46 - Blocked Shots : 12 - Penalty Minutes : 21

Official

Referees : Brandon Schrader and Michael Markovic
Linesman : Jesse Marquis and Pierre Racicot

Game Notes

Dominik Masin is injured at 9:34 of 1st period (Left Leg)
Vitek Vanecek enters game at 14:06 of 2nd period
Henri Ikonen beats up Jesper Bratt at 3:12 of 3rd period

Finance

Level 1 -- Attendance: 1859 (92.95%) -- Ticket Income $65,065
Level 2 -- Attendance: 874 (87.40%) -- Ticket Income $13,110
Total Attendance: 2733 (91.10%)
Total Ticket Income: $78,175
Other Income: $3,909
Total Income: $82,084

Marlies

5 vs 5 Forward 
   Center                   Left Wing                Right Wing               Time % Phy DF OF 
 1 Pavel Zacha              Valentin Zykov           Nicholas Baptiste        40     1   2  2  
 2 Colton Sissons           Tyler Benson             Mathieu Olivier          30     1   2  2  
 3 Aleksi Saarela           Alex Formenton           Martin Necas             20     1   2  2  
 4 Logan Brown              Henri Ikonen             Tobias Lindberg          10     1   2  2  

5 vs 5 Defense 
   Defense                  Defense                                           Time % Phy DF OF 
 1 Brett Pesce              Jeff Corbett                                      40     1   2  2  
 2 Keaton Thompson          Dennis Gilbert                                    30     1   2  2  
 3 Dmitri Samorukov         Brycen Martin                                     20     1   2  2  
 4 Brett Pesce              Jeff Corbett                                      10     1   2  2  

PowerPlay Forward 
   Center                   Left Wing                Right Wing               Time % Phy DF OF 
 1 Pavel Zacha              Valentin Zykov           Nicholas Baptiste        60     1   2  2  
 2 Colton Sissons           Tyler Benson             Mathieu Olivier          40     1   2  2  

PowerPlay Defense
   Defense                  Defense                                           Time % Phy DF OF 
 1 Brett Pesce              Jeff Corbett                                      60     1   2  2  
 2 Keaton Thompson          Dennis Gilbert                                    40     1   2  2  

Penalty Kill 4 Players Forward 
   Center                   Wing                     Time % Phy DF OF 
 1 Pavel Zacha              Nicholas Baptiste        60     1   2  2  
 2 Valentin Zykov           Colton Sissons           40     1   2  2  

Penalty Kill 4 Players Defense
   Defense                  Defense                  Time % Phy DF OF 
 1 Brett Pesce              Jeff Corbett             60     1   2  2  
 2 Keaton Thompson          Dennis Gilbert           40     1   2  2  

Penalty Kill - 3 Players Forward 
   Forward                                           Time % Phy DF OF 
 1 Pavel Zacha                                       60     1   2  2  
 2 Nicholas Baptiste                                 40     1   2  2  

Penalty Kill - 3 Players Defense
   Defense                  Defense                  Time % Phy DF OF 
 1 Brett Pesce              Jeff Corbett             60     1   2  2  
 2 Keaton Thompson          Dennis Gilbert           40     1   2  2  

4 vs 4 Forward 
   Center                   Wing                     Time % Phy DF OF 
 1 Pavel Zacha              Nicholas Baptiste        60     1   2  2  
 2 Valentin Zykov           Colton Sissons           40     1   2  2  

4 vs 4 Defense
   Defense                  Defense                  Time % Phy DF OF 
 1 Brett Pesce              Jeff Corbett             60     1   2  2  
 2 Keaton Thompson          Dennis Gilbert           40     1   2  2  

Last Minutes Offensive
   Center                   Left Wing                Right Wing               Defense                  Defense                  
   Pavel Zacha              Valentin Zykov           Nicholas Baptiste        Brett Pesce              Jeff Corbett             

Last Minutes Defensive
   Center                   Left Wing                Right Wing               Defense                  Defense                  
   Pavel Zacha              Valentin Zykov           Nicholas Baptiste        Brett Pesce              Jeff Corbett             

Goaltenders
Starting : Charlie Lindgren         
Backup : Logan Thompson           

Extra Forwards
Normal : Matthew Highmore, Otto Koivula, Jakob Forsbacka-Karlsson - PP : Matthew Highmore, Otto Koivula - PK : Jakob Forsbacka-Karlsson
Extra Defensemen
Normal : Dmitri Samorukov, Brycen Martin, Keaton Thompson - PP : Dmitri Samorukov - PK : Brycen Martin, Keaton Thompson
Penalty Shots
Pavel Zacha, Nicholas Baptiste, Valentin Zykov, Colton Sissons, Aleksi Saarela

Scratches
Marc McLaughlin (Healthy), Pierre-Olivier Joseph (Broken Left Thumb Injury), Simon Bourque (Healthy), Lucas Carlsson (Facial Surgery Injury)

Heat

5 vs 5 Forward 
   Center                   Left Wing                Right Wing               Time % Phy DF OF 
 1 Victor Rask              Jesper Bratt             Evgeny Svechnikov        40     1   2  2  
 2 Philip Varone            Peter Cehlarik           Barclay Goodrow          30     1   2  2  
 3 Ryan Spooner             Eric Karlsson            Taylor Raddysh           20     1   2  2  
 4 Chris Brown              Nico Sturm               Tage Thompson            10     1   2  2  

5 vs 5 Defense 
   Defense                  Defense                                           Time % Phy DF OF 
 1 Rasmus Andersson         Frank Corrado                                     40     1   2  2  
 2 Erik Brannstrom          Mathieu Brodeur                                   30     1   2  2  
 3 Brandon Hickey           Dominik Masin                                     20     1   2  2  
 4 Erik Brannstrom          Mathieu Brodeur                                   10     1   2  2  

PowerPlay Forward 
   Center                   Left Wing                Right Wing               Time % Phy DF OF 
 1 Victor Rask              Peter Cehlarik           Evgeny Svechnikov        60     1   2  2  
 2 Philip Varone            Jesper Bratt             Barclay Goodrow          40     1   2  2  

PowerPlay Defense
   Defense                  Defense                                           Time % Phy DF OF 
 1 Rasmus Andersson         Frank Corrado                                     60     1   2  2  
 2 Erik Brannstrom          Mathieu Brodeur                                   40     1   2  2  

Penalty Kill 4 Players Forward 
   Center                   Wing                     Time % Phy DF OF 
 1 Philip Varone            Peter Cehlarik           60     1   2  2  
 2 Nico Sturm               Barclay Goodrow          40     1   2  2  

Penalty Kill 4 Players Defense
   Defense                  Defense                  Time % Phy DF OF 
 1 Dominik Masin            Mathieu Brodeur          60     1   2  2  
 2 Brandon Hickey           Frank Corrado            40     1   2  2  

Penalty Kill - 3 Players Forward 
   Forward                                           Time % Phy DF OF 
 1 Philip Varone                                     60     1   2  2  
 2 Nico Sturm                                        40     1   2  2  

Penalty Kill - 3 Players Defense
   Defense                  Defense                  Time % Phy DF OF 
 1 Rasmus Andersson         Erik Brannstrom          60     1   2  2  
 2 Dominik Masin            Mathieu Brodeur          40     1   2  2  

4 vs 4 Forward 
   Center                   Wing                     Time % Phy DF OF 
 1 Victor Rask              Peter Cehlarik           60     1   2  2  
 2 Philip Varone            Evgeny Svechnikov        40     1   2  2  

4 vs 4 Defense
   Defense                  Defense                  Time % Phy DF OF 
 1 Rasmus Andersson         Frank Corrado            60     1   2  2  
 2 Erik Brannstrom          Mathieu Brodeur          40     1   2  2  

Last Minutes Offensive
   Center                   Left Wing                Right Wing               Defense                  Defense                  
   Victor Rask              Jesper Bratt             Evgeny Svechnikov        Rasmus Andersson         Frank Corrado            

Last Minutes Defensive
   Center                   Left Wing                Right Wing               Defense                  Defense                  
   Philip Varone            Jesper Bratt             Evgeny Svechnikov        Rasmus Andersson         Frank Corrado            

Goaltenders
Starting : Michael Hutchinson       
Backup : Vitek Vanecek            

Extra Forwards
Normal : Nico Sturm, Jesper Bratt, Evgeny Svechnikov - PP : Jesper Bratt, Peter Cehlarik - PK : Barclay Goodrow
Extra Defensemen
Normal : Mathieu Brodeur, Dominik Masin, Brandon Hickey - PP : Erik Brannstrom - PK : Dominik Masin, Brandon Hickey
Penalty Shots
Evgeny Svechnikov, Chris Brown, Jesper Bratt, Victor Rask, Peter Cehlarik

Scratches
Christian Jaros (Healthy), Skyler Brind'Amour (Healthy), John Gilmour (Healthy), Darren Raddysh (Healthy), Matthew Nieto (Suspend)
Petteri Lindbohm (Healthy), Ryan Donato (Healthy), Ivan Chekhovich (Healthy), Trevor Carrick (Healthy), Vladislav Kamenev (Healthy)
Radim Zohorna (Healthy), Collin Delia (Healthy)

% Time on Ice - Marlies

Lines # - Real PCT - Wanted PCT - Time Play
Normal Forward
1 - 34% - 40% - 13:47
2 - 30% - 30% - 12:10
3 - 22% - 20% - 8:59
4 - 14% - 10% - 5:34
Normal Defense
1 - 43% - 40% - 17:22
2 - 32% - 30% - 13:09
3 - 20% - 20% - 8:14
4 - 4% - 10% - 1:45
PP Forward
1 - 56% - 60% - 6:32
2 - 44% - 40% - 5:02
PP Defense
1 - 60% - 60% - 6:56
2 - 40% - 40% - 4:38
PK Forward
1 - 73% - 60% - 4:38
2 - 27% - 40% - 1:43
PK Defense
1 - 64% - 60% - 4:04
2 - 36% - 40% - 2:17
PK3 Forward
1 - 0% - 60%
2 - 0% - 40%
PK3 Defense
1 - 0% - 60%
2 - 0% - 40%
44 Forward
1 - 80% - 60% - 1:16
2 - 20% - 40% - 0:19
44 Defense
1 - 74% - 60% - 1:10
2 - 26% - 40% - 0:25
Last Minute Offensive  - 0:00
Last Minute Defensive  - 0:00
Total
Forward - 60:00
Defense - 60:00

% Time on Ice - Heat

Lines # - Real PCT - Wanted PCT - Time Play
Normal Forward
1 - 37% - 40% - 15:03
2 - 25% - 30% - 10:13
3 - 22% - 20% - 8:43
4 - 16% - 10% - 6:31
Normal Defense
1 - 43% - 40% - 17:35
2 - 29% - 30% - 11:44
3 - 24% - 20% - 9:40
4 - 4% - 10% - 1:31
PP Forward
1 - 63% - 60% - 3:59
2 - 37% - 40% - 2:22
PP Defense
1 - 68% - 60% - 4:20
2 - 32% - 40% - 2:01
PK Forward
1 - 70% - 60% - 7:49
2 - 30% - 40% - 3:21
PK Defense
1 - 100% - 60% - 11:10
2 - 0% - 40% - 0:00
PK3 Forward
1 - 100% - 60% - 0:58
2 - 0% - 40% - 0:00
PK3 Defense
1 - 76% - 60% - 0:44
2 - 24% - 40% - 0:14
44 Forward
1 - 100% - 60% - 1:01
2 - 0% - 40% - 0:00
44 Defense
1 - 66% - 60% - 0:40
2 - 34% - 40% - 0:21
Last Minute Offensive  - 0:00
Last Minute Defensive  - 0:00
Total
Forward - 60:00
Defense - 60:00

Play-by-Play

1st period


0:01 of 1st period - Victor Rask wins face-off versus Pavel Zacha in neutral zone.
0:04 of 1st period - Snap shot by Evgeny Svechnikov.
0:04 of 1st period - Deflect By Valentin Zykov.
0:04 of 1st period - Shot Misses the Net.
0:04 of 1st period - Puck is out of play.
0:05 of 1st period - Victor Rask wins face-off versus Valentin Zykov in Marlies zone.
0:18 of 1st period - Slapshot by Victor Rask.
0:18 of 1st period - Deflect By Evgeny Svechnikov.
0:18 of 1st period - Shot Misses the Net.
0:18 of 1st period - Puck is out of play.
0:19 of 1st period - Colton Sissons wins face-off versus Philip Varone in Marlies zone.
0:19 of 1st period - Colton Sissons is hit by Peter Cehlarik.
0:57 of 1st period - Wrist shot by Nico Sturm.
0:57 of 1st period - Stopped by Charlie Lindgren with a rebound.
1:09 of 1st period - Wrist shot by Aleksi Saarela.
1:09 of 1st period - Goal by Aleksi Saarela - Marlies : 1 - Heat : 0.
1:10 of 1st period - Victor Rask wins face-off versus Pavel Zacha in neutral zone.
1:15 of 1st period - Brycen Martin is hit by Evgeny Svechnikov.
1:19 of 1st period - Frank Corrado is hit by Valentin Zykov and loses puck.
1:49 of 1st period - Snap shot by Peter Cehlarik.
1:49 of 1st period - Stopped by Charlie Lindgren with a rebound.
2:01 of 1st period - Mathieu Brodeur is hit by Colton Sissons and loses puck.
2:48 of 1st period - Snap shot by Evgeny Svechnikov.
2:48 of 1st period - Shot Blocked by Jeff Corbett.
5:29 of 1st period - Off-side.
5:30 of 1st period - Philip Varone wins face-off versus Pavel Zacha in neutral zone.
5:33 of 1st period - Snap shot by Peter Cehlarik.
5:33 of 1st period - Stopped by Charlie Lindgren without a rebound.
5:34 of 1st period - Nicholas Baptiste wins face-off versus Victor Rask in Marlies zone.
6:10 of 1st period - Wrist shot by Aleksi Saarela.
6:10 of 1st period - Shot Misses the Net.
6:34 of 1st period - Snap shot by Ryan Spooner.
6:34 of 1st period - Stopped by Charlie Lindgren without a rebound.
6:35 of 1st period - Victor Rask wins face-off versus Pavel Zacha in Marlies zone.
7:23 of 1st period - Slapshot by Brett Pesce.
7:23 of 1st period - Stopped by Michael Hutchinson without a rebound.
7:24 of 1st period - Ryan Spooner wins face-off versus Logan Brown in Heat zone.
7:33 of 1st period - Wrist shot by Ryan Spooner.
7:33 of 1st period - Stopped by Charlie Lindgren with a rebound.
7:35 of 1st period - Slapshot by Rasmus Andersson.
7:35 of 1st period - Deflect By Eric Karlsson.
7:35 of 1st period - Shot Misses the Net.
7:35 of 1st period - Puck is out of play.
7:36 of 1st period - Pavel Zacha wins face-off versus Victor Rask in Marlies zone.
7:43 of 1st period - Slapshot by Nicholas Baptiste.
7:43 of 1st period - Deflect By Pavel Zacha.
7:43 of 1st period - Shot Blocked by Jesper Bratt.
7:43 of 1st period - Puck is out of play.
7:44 of 1st period - Pavel Zacha wins face-off versus Jesper Bratt in Heat zone.
7:59 of 1st period - Snap shot by Valentin Zykov.
7:59 of 1st period - Shot Misses the Net.
8:30 of 1st period - Dennis Gilbert is hit by Rasmus Andersson and loses puck.
8:37 of 1st period - Snap shot by Ryan Spooner.
8:37 of 1st period - Deflect By Taylor Raddysh.
8:37 of 1st period - Shot Misses the Net.
8:37 of 1st period - Puck is out of play.
8:38 of 1st period - Victor Rask wins face-off versus Pavel Zacha in Marlies zone.
9:33 of 1st period - Dominik Masin is hit by Alex Formenton.
9:34 of 1st period - Dominik Masin from Heat is injured at 9:34 of 1st period (Left Leg).
9:35 of 1st period - Victor Rask wins face-off versus Pavel Zacha in Heat zone.
10:00 of 1st period - Mathieu Brodeur is hit by Colton Sissons and loses puck.
10:39 of 1st period - Frank Corrado is hit by Martin Necas and loses puck.
10:48 of 1st period - Wrist shot by Aleksi Saarela.
10:48 of 1st period - Shot Misses the Net.
10:50 of 1st period - Wrist shot by Aleksi Saarela.
10:50 of 1st period - Shot Misses the Net.
10:52 of 1st period - Slapshot by Brycen Martin.
10:52 of 1st period - Stopped by Michael Hutchinson without a rebound.
10:53 of 1st period - Pavel Zacha wins face-off versus Victor Rask in Heat zone.
11:08 of 1st period - Snap shot by Victor Rask.
11:08 of 1st period - Deflect By Evgeny Svechnikov.
11:08 of 1st period - Shot Misses the Net.
11:08 of 1st period - Puck is out of play.
11:09 of 1st period - Philip Varone wins face-off versus Tyler Benson in Marlies zone.
11:34 of 1st period - Victor Rask is hit by Nicholas Baptiste and loses puck.
12:18 of 1st period - Snap shot by Philip Varone.
12:18 of 1st period - Stopped by Charlie Lindgren without a rebound.
12:19 of 1st period - Philip Varone wins face-off versus Pavel Zacha in Marlies zone.
12:46 of 1st period - Snap shot by Peter Cehlarik.
12:46 of 1st period - Stopped by Charlie Lindgren with a rebound.
13:46 of 1st period - Wrist shot by Philip Varone.
13:46 of 1st period - Deflect By Barclay Goodrow.
13:46 of 1st period - Shot Blocked by Nicholas Baptiste.
13:46 of 1st period - Puck is out of play.
13:47 of 1st period - Tyler Benson wins face-off versus Victor Rask in Marlies zone.
14:02 of 1st period - Wrist shot by Mathieu Olivier.
14:02 of 1st period - Stopped by Michael Hutchinson without a rebound.
14:03 of 1st period - Ryan Spooner wins face-off versus Aleksi Saarela in Heat zone.
14:03 of 1st period - Ryan Spooner is hit by Alex Formenton.
14:15 of 1st period - Wrist shot by Aleksi Saarela.
14:15 of 1st period - Stopped by Michael Hutchinson with a rebound.
14:29 of 1st period - Frank Corrado is hit by Tyler Benson and loses puck.
14:52 of 1st period - Wrist shot by Henri Ikonen.
14:52 of 1st period - Shot Misses the Net.
15:02 of 1st period - Snap shot by Logan Brown.
15:02 of 1st period - Shot Blocked by Mathieu Brodeur.
15:15 of 1st period - Off-side.
15:16 of 1st period - Aleksi Saarela wins face-off versus Victor Rask in neutral zone.
15:21 of 1st period - Snap shot by Alex Formenton.
15:21 of 1st period - Shot Misses the Net.
15:23 of 1st period - Wrist shot by Dmitri Samorukov.
15:23 of 1st period - Shot Blocked by Frank Corrado.
15:29 of 1st period - Slapshot by Aleksi Saarela.
15:29 of 1st period - Deflect By Alex Formenton.
15:29 of 1st period - Shot Blocked by Victor Rask.
15:29 of 1st period - Puck is out of play.
15:30 of 1st period - Victor Rask wins face-off versus Nicholas Baptiste in Heat zone.
15:46 of 1st period - Wrist shot by Valentin Zykov.
15:46 of 1st period - Goal by Valentin Zykov - Marlies : 2 - Heat : 0.
15:47 of 1st period - Victor Rask wins face-off versus Pavel Zacha in neutral zone.
16:00 of 1st period - Snap shot by Victor Rask.
16:00 of 1st period - Stopped by Charlie Lindgren without a rebound.
16:01 of 1st period - Evgeny Svechnikov wins face-off versus Colton Sissons in Marlies zone.
16:02 of 1st period - Slapshot by Jesper Bratt.
16:02 of 1st period - Shot Misses the Net.
16:11 of 1st period - Minor Penalty to Victor Rask for High sticking.
16:12 of 1st period - Valentin Zykov wins face-off versus Philip Varone in Heat zone.
16:41 of 1st period - Off-side.
16:42 of 1st period - Philip Varone wins face-off versus Colton Sissons in neutral zone.
17:06 of 1st period - Slapshot by Pavel Zacha.
17:06 of 1st period - Shot Misses the Net.
17:08 of 1st period - Slapshot by Pavel Zacha.
17:08 of 1st period - Shot Blocked by Brandon Hickey.
17:10 of 1st period - Slapshot by Jeff Corbett.
17:10 of 1st period - Deflect By Pavel Zacha.
17:10 of 1st period - Shot Misses the Net.
17:10 of 1st period - Puck is out of play.
17:11 of 1st period - Philip Varone wins face-off versus Tyler Benson in Heat zone.
17:46 of 1st period - Snap shot by Barclay Goodrow.
17:46 of 1st period - Shot Blocked by Nicholas Baptiste.
18:04 of 1st period - Snap shot by Colton Sissons.
18:04 of 1st period - Shot Misses the Net.
18:06 of 1st period - Snap shot by Jeff Corbett.
18:06 of 1st period - Stopped by Michael Hutchinson with a rebound.
18:11 of 1st period - Penalty to Victor Rask is over, Victor Rask is back on ice.
19:24 of 1st period - Slapshot by Valentin Zykov.
19:24 of 1st period - Shot Misses the Net.
19:26 of 1st period - Snap shot by Nicholas Baptiste.
19:26 of 1st period - Shot Blocked by Victor Rask.
Goals for this period are 2 for Marlies vs 0 for Heat.
Shots for this period are 7 for Marlies vs 8 for Heat.

2nd period


0:01 of 2nd period - Pavel Zacha wins face-off versus Victor Rask in neutral zone.
0:04 of 2nd period - Snap shot by Brett Pesce.
0:04 of 2nd period - Stopped by Michael Hutchinson without a rebound.
0:05 of 2nd period - Jesper Bratt wins face-off versus Pavel Zacha in Heat zone.
0:12 of 2nd period - Snap shot by Pavel Zacha.
0:12 of 2nd period - Shot Misses the Net.
0:34 of 2nd period - Wrist shot by Philip Varone.
0:34 of 2nd period - Shot Misses the Net.
0:36 of 2nd period - Slapshot by Mathieu Brodeur.
0:36 of 2nd period - Shot Blocked by Tyler Benson.
0:38 of 2nd period - Snap shot by Philip Varone.
0:38 of 2nd period - Shot Misses the Net.
0:40 of 2nd period - Slapshot by Barclay Goodrow.
0:40 of 2nd period - Stopped by Charlie Lindgren without a rebound.
0:41 of 2nd period - Victor Rask wins face-off versus Pavel Zacha in Marlies zone.
0:59 of 2nd period - Pavel Zacha is hit by Jesper Bratt.
1:55 of 2nd period - Slapshot by Erik Brannstrom.
1:55 of 2nd period - Stopped by Charlie Lindgren without a rebound.
1:56 of 2nd period - Pavel Zacha wins face-off versus Tage Thompson in Marlies zone.
2:11 of 2nd period - Snap shot by Valentin Zykov.
2:11 of 2nd period - Stopped by Michael Hutchinson without a rebound.
2:12 of 2nd period - Victor Rask wins face-off versus Colton Sissons in Heat zone.
2:12 of 2nd period - Victor Rask is hit by Mathieu Olivier.
2:20 of 2nd period - Brett Pesce is hit by Victor Rask and loses puck.
2:27 of 2nd period - Jesper Bratt is hit by Jeff Corbett and loses puck.
2:39 of 2nd period - Minor Penalty to Valentin Zykov for Holding.
2:40 of 2nd period - Nicholas Baptiste wins face-off versus Victor Rask in Marlies zone.
2:51 of 2nd period - Slapshot by Rasmus Andersson.
2:51 of 2nd period - Shot Misses the Net.
3:12 of 2nd period - Slapshot by Philip Varone.
3:12 of 2nd period - Shot Blocked by Nicholas Baptiste.
3:14 of 2nd period - Wrist shot by Mathieu Brodeur.
3:14 of 2nd period - Shot Misses the Net.
3:16 of 2nd period - Backhand shot by Philip Varone.
3:16 of 2nd period - Shot Blocked by Jeff Corbett.
4:39 of 2nd period - Penalty to Valentin Zykov is over, Valentin Zykov is back on ice.
5:08 of 2nd period - Wrist shot by Chris Brown.
5:08 of 2nd period - Shot Misses the Net.
5:27 of 2nd period - Martin Necas is hit by Mathieu Brodeur and loses puck.
5:52 of 2nd period - Snap shot by Nicholas Baptiste.
5:52 of 2nd period - Goal by Nicholas Baptiste - Marlies : 3 - Heat : 0.
5:53 of 2nd period - Pavel Zacha wins face-off versus Evgeny Svechnikov in neutral zone.
6:08 of 2nd period - Snap shot by Evgeny Svechnikov.
6:08 of 2nd period - Stopped by Charlie Lindgren without a rebound.
6:09 of 2nd period - Philip Varone wins face-off versus Colton Sissons in Marlies zone.
6:20 of 2nd period - Barclay Goodrow is hit by Jeff Corbett and loses puck.
6:54 of 2nd period - Wrist shot by Ryan Spooner.
6:54 of 2nd period - Stopped by Charlie Lindgren with a rebound.
7:00 of 2nd period - Frank Corrado is hit by Brycen Martin and loses puck.
7:44 of 2nd period - Snap shot by Victor Rask.
7:44 of 2nd period - Shot Blocked by Brett Pesce.
8:10 of 2nd period - Brett Pesce is hit by Taylor Raddysh and loses puck.
8:25 of 2nd period - Snap shot by Barclay Goodrow.
8:25 of 2nd period - Shot Misses the Net.
8:27 of 2nd period - Slapshot by Mathieu Brodeur.
8:27 of 2nd period - Shot Misses the Net.
8:29 of 2nd period - Wrist shot by Peter Cehlarik.
8:29 of 2nd period - Stopped by Charlie Lindgren with a rebound.
8:31 of 2nd period - Slapshot by Mathieu Brodeur.
8:31 of 2nd period - Stopped by Charlie Lindgren with a rebound.
9:02 of 2nd period - Snap shot by Aleksi Saarela.
9:02 of 2nd period - Shot Misses the Net.
9:10 of 2nd period - Wrist shot by Martin Necas.
9:10 of 2nd period - Stopped by Michael Hutchinson without a rebound.
9:11 of 2nd period - Pavel Zacha wins face-off versus Ryan Spooner in Heat zone.
9:15 of 2nd period - Double Minor Penalty to Ryan Spooner for Roughing.
9:16 of 2nd period - Pavel Zacha wins face-off versus Philip Varone in Heat zone.
11:05 of 2nd period - Erik Brannstrom is hit by Jeff Corbett and loses puck.
11:29 of 2nd period - Rasmus Andersson is hit by Brett Pesce and loses puck.
13:15 of 2nd period - Penalty to Ryan Spooner is over, Ryan Spooner is back on ice.
13:22 of 2nd period - Tyler Benson is hit by Rasmus Andersson and loses puck.
13:39 of 2nd period - Wrist shot by Nico Sturm.
13:39 of 2nd period - Shot Misses the Net.
13:41 of 2nd period - Wrist shot by Evgeny Svechnikov.
13:41 of 2nd period - Stopped by Charlie Lindgren without a rebound.
13:42 of 2nd period - Aleksi Saarela wins face-off versus Nico Sturm in Marlies zone.
13:42 of 2nd period - Aleksi Saarela is hit by Barclay Goodrow.
13:53 of 2nd period - Minor Penalty to Frank Corrado for Hooking.
13:54 of 2nd period - Pavel Zacha wins face-off versus Philip Varone in Heat zone.
14:02 of 2nd period - Slapshot by Nicholas Baptiste.
14:02 of 2nd period - Stopped by Michael Hutchinson with a rebound.
14:04 of 2nd period - Slapshot by Nicholas Baptiste.
14:04 of 2nd period - Deflect By Pavel Zacha.
14:04 of 2nd period - Stopped by Michael Hutchinson with a rebound.
14:06 of 2nd period - Slapshot by Brett Pesce.
14:06 of 2nd period - Goal by Brett Pesce - Marlies : 4 - Heat : 0.
14:06 of 2nd period - Vitek Vanecek enters game.
14:07 of 2nd period - Victor Rask wins face-off versus Pavel Zacha in neutral zone.
14:29 of 2nd period - Icing by Victor Rask.
14:30 of 2nd period - Colton Sissons wins face-off versus Peter Cehlarik in Heat zone.
14:39 of 2nd period - Snap shot by Tyler Benson.
14:39 of 2nd period - Shot Misses the Net.
14:41 of 2nd period - Slapshot by Tyler Benson.
14:41 of 2nd period - Goal by Tyler Benson - Marlies : 5 - Heat : 0.
14:42 of 2nd period - Pavel Zacha wins face-off versus Victor Rask in neutral zone.
14:47 of 2nd period - Slapshot by Nicholas Baptiste.
14:47 of 2nd period - Shot Misses the Net.
15:09 of 2nd period - Peter Cehlarik is hit by Mathieu Olivier.
15:12 of 2nd period - Icing by Rasmus Andersson.
15:13 of 2nd period - Colton Sissons wins face-off versus Philip Varone in Heat zone.
15:13 of 2nd period - Colton Sissons is hit by Mathieu Brodeur.
15:15 of 2nd period - Wrist shot by Mathieu Olivier.
15:15 of 2nd period - Goal by Mathieu Olivier - Marlies : 6 - Heat : 0.
15:16 of 2nd period - Pavel Zacha wins face-off versus Victor Rask in neutral zone.
15:25 of 2nd period - Wrist shot by Pavel Zacha.
15:25 of 2nd period - Deflect By Valentin Zykov.
15:25 of 2nd period - Shot Misses the Net.
15:25 of 2nd period - Puck is out of play.
15:26 of 2nd period - Victor Rask wins face-off versus Pavel Zacha in Heat zone.
15:43 of 2nd period - Snap shot by Valentin Zykov.
15:43 of 2nd period - Stopped by Vitek Vanecek with a rebound.
15:53 of 2nd period - Snap shot by Nicholas Baptiste.
15:53 of 2nd period - Shot Misses the Net.
15:55 of 2nd period - Slapshot by Jeff Corbett.
15:55 of 2nd period - Stopped by Vitek Vanecek with a rebound.
15:57 of 2nd period - Slapshot by Brett Pesce.
15:57 of 2nd period - Stopped by Vitek Vanecek without a rebound.
15:58 of 2nd period - Colton Sissons wins face-off versus Philip Varone in Heat zone.
17:08 of 2nd period - Wrist shot by Aleksi Saarela.
17:08 of 2nd period - Stopped by Vitek Vanecek with a rebound.
17:14 of 2nd period - Slapshot by Rasmus Andersson.
17:14 of 2nd period - Goal by Rasmus Andersson - Marlies : 6 - Heat : 1.
17:15 of 2nd period - Victor Rask wins face-off versus Pavel Zacha in neutral zone.
18:04 of 2nd period - Snap shot by Ryan Spooner.
18:04 of 2nd period - Stopped by Charlie Lindgren with a rebound.
18:06 of 2nd period - Slapshot by Mathieu Brodeur.
18:06 of 2nd period - Stopped by Charlie Lindgren without a rebound.
18:07 of 2nd period - Logan Brown wins face-off versus Victor Rask in Marlies zone.
18:18 of 2nd period - Slapshot by Logan Brown.
18:18 of 2nd period - Stopped by Vitek Vanecek without a rebound.
18:19 of 2nd period - Victor Rask wins face-off versus Pavel Zacha in Heat zone.
18:24 of 2nd period - Pavel Zacha is hit by Evgeny Svechnikov and loses puck.
18:33 of 2nd period - Slapshot by Victor Rask.
18:33 of 2nd period - Stopped by Charlie Lindgren without a rebound.
18:34 of 2nd period - Philip Varone wins face-off versus Colton Sissons in Marlies zone.
18:35 of 2nd period - Wrist shot by Peter Cehlarik.
18:35 of 2nd period - Shot Misses the Net.
19:24 of 2nd period - Brett Pesce is hit by Eric Karlsson and loses puck.
19:43 of 2nd period - Snap shot by Tobias Lindberg.
19:43 of 2nd period - Shot Blocked by Frank Corrado.
Goals for this period are 4 for Marlies vs 1 for Heat.
Shots for this period are 14 for Marlies vs 11 for Heat.

3rd period


0:01 of 3rd period - Victor Rask wins face-off versus Pavel Zacha in neutral zone.
0:04 of 3rd period - Brett Pesce is hit by Rasmus Andersson and loses puck.
0:09 of 3rd period - Snap shot by Victor Rask.
0:09 of 3rd period - Shot Hit the Post.
0:11 of 3rd period - Snap shot by Evgeny Svechnikov.
0:11 of 3rd period - Shot Blocked by Jeff Corbett.
0:21 of 3rd period - Minor Penalty to Brett Pesce for Holding.
0:22 of 3rd period - Peter Cehlarik wins face-off versus Pavel Zacha in Marlies zone.
0:23 of 3rd period - Slapshot by Rasmus Andersson.
0:23 of 3rd period - Shot Blocked by Brycen Martin.
0:31 of 3rd period - Slapshot by Victor Rask.
0:31 of 3rd period - Deflect By Peter Cehlarik.
0:31 of 3rd period - Stopped by Charlie Lindgren without a rebound.
0:32 of 3rd period - Victor Rask wins face-off versus Pavel Zacha in Marlies zone.
1:21 of 3rd period - Wrist shot by Victor Rask.
1:21 of 3rd period - Shot Blocked by Henri Ikonen.
1:45 of 3rd period - Slapshot by Frank Corrado.
1:45 of 3rd period - Stopped by Charlie Lindgren with a rebound.
1:47 of 3rd period - Snap shot by Rasmus Andersson.
1:47 of 3rd period - Stopped by Charlie Lindgren without a rebound.
1:48 of 3rd period - Jesper Bratt wins face-off versus Pavel Zacha in Marlies zone.
1:49 of 3rd period - Wrist shot by Barclay Goodrow.
1:49 of 3rd period - Stopped by Charlie Lindgren without a rebound.
1:50 of 3rd period - Philip Varone wins face-off versus Pavel Zacha in Marlies zone.
2:21 of 3rd period - Penalty to Brett Pesce is over, Brett Pesce is back on ice.
2:53 of 3rd period - Aleksi Saarela is hit by Taylor Raddysh and loses puck.
3:11 of 3rd period - Icing by Erik Brannstrom.
3:12 of 3rd period - Ryan Spooner wins face-off versus Logan Brown in Heat zone.
3:12 of 3rd period - Henri Ikonen beats up Jesper Bratt.
3:12 of 3rd period - Penalty to Jesper Bratt for Fighting.
3:12 of 3rd period - Penalty to Henri Ikonen for Fighting.
3:13 of 3rd period - Victor Rask wins face-off versus Pavel Zacha in Heat zone.
3:18 of 3rd period - Dennis Gilbert is hit by Victor Rask and loses puck.
3:27 of 3rd period - Snap shot by Victor Rask.
3:27 of 3rd period - Stopped by Charlie Lindgren without a rebound.
3:28 of 3rd period - Philip Varone wins face-off versus Colton Sissons in Marlies zone.
3:29 of 3rd period - Slapshot by Barclay Goodrow.
3:29 of 3rd period - Stopped by Charlie Lindgren with a rebound.
3:42 of 3rd period - Minor Penalty to Rasmus Andersson for Hooking.
3:43 of 3rd period - Philip Varone wins face-off versus Pavel Zacha in Heat zone.
5:42 of 3rd period - Penalty to Rasmus Andersson is over, Rasmus Andersson is back on ice.
5:44 of 3rd period - Chris Brown is hit by Brett Pesce and loses puck.
5:49 of 3rd period - Snap shot by Matthew Highmore.
5:49 of 3rd period - Shot Misses the Net.
5:51 of 3rd period - Slapshot by Jaden Lindo.
5:51 of 3rd period - Goal by Jaden Lindo - Marlies : 7 - Heat : 1.
5:52 of 3rd period - Martin Necas wins face-off versus Victor Rask in neutral zone.
6:23 of 3rd period - Minor Penalty to Brett Pesce for High sticking.
6:24 of 3rd period - Pavel Zacha wins face-off versus Victor Rask in Marlies zone.
6:24 of 3rd period - Pavel Zacha is hit by Victor Rask.
6:47 of 3rd period - Minor Penalty to Peter Cehlarik for Cross-checking.
6:48 of 3rd period - Victor Rask wins face-off versus Pavel Zacha in Heat zone.
7:01 of 3rd period - Wrist shot by Victor Rask.
7:01 of 3rd period - Stopped by Charlie Lindgren with a rebound.
7:13 of 3rd period - Nicholas Baptiste is hit by Frank Corrado and loses puck.
7:48 of 3rd period - Minor Penalty to Frank Corrado for Hooking.
7:49 of 3rd period - Philip Varone wins face-off versus Pavel Zacha in Heat zone.
8:12 of 3rd period - Penalty to Jesper Bratt is over, Jesper Bratt is back on ice.
8:12 of 3rd period - Penalty to Henri Ikonen is over, Henri Ikonen is back on ice.
8:33 of 3rd period - Icing by Henri Ikonen.
8:34 of 3rd period - Philip Varone wins face-off versus Pavel Zacha in Marlies zone.
8:40 of 3rd period - Icing by Jeff Corbett.
8:41 of 3rd period - Philip Varone wins face-off versus Colton Sissons in Marlies zone.
8:47 of 3rd period - Penalty to Peter Cehlarik is over, Peter Cehlarik is back on ice.
8:56 of 3rd period - Wrist shot by Mathieu Olivier.
8:56 of 3rd period - Stopped by Vitek Vanecek with a rebound.
9:40 of 3rd period - Snap shot by Peter Cehlarik.
9:40 of 3rd period - Shot Blocked by Jeff Corbett.
9:47 of 3rd period - Icing by Mathieu Olivier.
9:48 of 3rd period - Penalty to Frank Corrado is over, Frank Corrado is back on ice.
9:48 of 3rd period - Victor Rask wins face-off versus Colton Sissons in Marlies zone.
9:51 of 3rd period - Snap shot by Victor Rask.
9:51 of 3rd period - Shot Misses the Net.
9:53 of 3rd period - Slapshot by Rasmus Andersson.
9:53 of 3rd period - Stopped by Charlie Lindgren without a rebound.
9:54 of 3rd period - Pavel Zacha wins face-off versus Evgeny Svechnikov in Marlies zone.
10:09 of 3rd period - Slapshot by Frank Corrado.
10:09 of 3rd period - Stopped by Charlie Lindgren with a rebound.
11:02 of 3rd period - Dennis Gilbert is hit by Jesper Bratt and loses puck.
11:15 of 3rd period - Wrist shot by Colton Sissons.
11:15 of 3rd period - Shot Misses the Net.
11:17 of 3rd period - Slapshot by Brett Pesce.
11:17 of 3rd period - Shot Misses the Net.
11:19 of 3rd period - Slapshot by Jeff Corbett.
11:19 of 3rd period - Shot Misses the Net.
11:21 of 3rd period - Slapshot by Brett Pesce.
11:21 of 3rd period - Stopped by Vitek Vanecek without a rebound.
11:22 of 3rd period - Philip Varone wins face-off versus Pavel Zacha in Heat zone.
11:27 of 3rd period - Jeff Corbett is hit by Philip Varone.
11:33 of 3rd period - Wrist shot by Valentin Zykov.
11:33 of 3rd period - Stopped by Vitek Vanecek without a rebound.
11:34 of 3rd period - Pavel Zacha wins face-off versus Victor Rask in Heat zone.
11:43 of 3rd period - Wrist shot by Valentin Zykov.
11:43 of 3rd period - Shot Misses the Net.
11:45 of 3rd period - Wrist shot by Pavel Zacha.
11:45 of 3rd period - Shot Misses the Net.
11:47 of 3rd period - Wrist shot by Valentin Zykov.
11:47 of 3rd period - Deflect By Nicholas Baptiste.
11:47 of 3rd period - Shot Misses the Net.
11:47 of 3rd period - Puck is out of play.
11:48 of 3rd period - Victor Rask wins face-off versus Pavel Zacha in Heat zone.
11:48 of 3rd period - Victor Rask is hit by Jeff Corbett.
11:54 of 3rd period - Slapshot by Mathieu Brodeur.
11:54 of 3rd period - Shot Blocked by Brett Pesce.
12:02 of 3rd period - Snap shot by Nicholas Baptiste.
12:02 of 3rd period - Shot Misses the Net.
12:04 of 3rd period - Slapshot by Valentin Zykov.
12:04 of 3rd period - Stopped by Vitek Vanecek with a rebound.
12:20 of 3rd period - Snap shot by Martin Necas.
12:20 of 3rd period - Shot Blocked by Mathieu Brodeur.
12:22 of 3rd period - Snap shot by Martin Necas.
12:22 of 3rd period - Shot Misses the Net.
12:24 of 3rd period - Backhand shot by Keaton Thompson.
12:24 of 3rd period - Shot Blocked by Victor Rask.
12:26 of 3rd period - Slapshot by Dennis Gilbert.
12:26 of 3rd period - Shot Blocked by Mathieu Brodeur.
13:31 of 3rd period - Jeff Corbett is hit by Eric Karlsson and loses puck.
13:44 of 3rd period - Snap shot by Martin Necas.
13:44 of 3rd period - Stopped by Vitek Vanecek without a rebound.
13:45 of 3rd period - Victor Rask wins face-off versus Aleksi Saarela in Heat zone.
14:01 of 3rd period - Minor Penalty to Jesper Bratt for Boarding.
14:02 of 3rd period - Pavel Zacha wins face-off versus Philip Varone in Heat zone.
14:38 of 3rd period - Snap shot by Colton Sissons.
14:38 of 3rd period - Deflect By Mathieu Olivier.
14:38 of 3rd period - Stopped by Vitek Vanecek without a rebound.
14:39 of 3rd period - Philip Varone wins face-off versus Colton Sissons in Heat zone.
14:51 of 3rd period - Snap shot by Colton Sissons.
14:51 of 3rd period - Shot Misses the Net.
14:53 of 3rd period - Slapshot by Keaton Thompson.
14:53 of 3rd period - Shot Blocked by Mathieu Brodeur.
14:55 of 3rd period - Snap shot by Keaton Thompson.
14:55 of 3rd period - Shot Blocked by Philip Varone.
16:00 of 3rd period - Pavel Zacha is hit by Brandon Hickey and loses puck.
16:01 of 3rd period - Penalty to Jesper Bratt is over, Jesper Bratt is back on ice.
16:19 of 3rd period - Snap shot by Ryan Spooner.
16:19 of 3rd period - Stopped by Charlie Lindgren without a rebound.
16:20 of 3rd period - Ryan Spooner wins face-off versus Aleksi Saarela in Marlies zone.
16:23 of 3rd period - Slapshot by Ryan Spooner.
16:23 of 3rd period - Goal by Ryan Spooner - Marlies : 7 - Heat : 2.
16:24 of 3rd period - Victor Rask wins face-off versus Valentin Zykov in neutral zone.
16:28 of 3rd period - Minor Penalty to Valentin Zykov for Hooking.
16:29 of 3rd period - Pavel Zacha wins face-off versus Victor Rask in Marlies zone.
16:29 of 3rd period - Pavel Zacha is hit by Peter Cehlarik.
16:43 of 3rd period - Off-side.
16:44 of 3rd period - Victor Rask wins face-off versus Pavel Zacha in neutral zone.
17:37 of 3rd period - Brett Pesce is hit by Barclay Goodrow and loses puck.
18:28 of 3rd period - Penalty to Valentin Zykov is over, Valentin Zykov is back on ice.
18:48 of 3rd period - Henri Ikonen is hit by Taylor Raddysh and loses puck.
18:59 of 3rd period - Chris Brown is hit by Dmitri Samorukov and loses puck.
Goals for this period are 1 for Marlies vs 1 for Heat.
Shots for this period are 7 for Marlies vs 11 for Heat.